 Dungeon Crawl Stone Soup version 0.18.1-5-g4a78601 (webtiles) character file.

56 Hipnos the Charlatan (level 3, 0/18 HPs)
             Began as a Spriggan Artificer on May 14, 2016.
             Succumbed to an adder's poison
             ... on level 2 of the Dungeon.
             The game lasted 00:04:05 (1678 turns).

Hipnos the Charlatan (Spriggan Artificer)           Turns: 1678, Time: 00:04:06

Health: 0/18       AC:  2    Str:  8    XL:     3   Next: 69%
Magic:  7/7        EV: 28    Int: 13    God:
Gold:   49         SH:  0    Dex: 21    Spells: 0 memorised, 2 levels left

rFire  . . .     SeeInvis +     a - +0 short sword
rCold  . . .     Gourm    .     b - +0 robe
rNeg   . . .     Faith    .     (shield restricted)
rPois  .         Spirit   .     (helmet restricted)
rElec  .         Dismiss  .     (no cloak)
rCorr  .         Reflect  .     (gloves unavailable)
SustAt .         Harm     .     (boots unavailable)
MR     .....                    (no amulet)
Stlth  ++++......               (no ring)
                                h - +3 ring of evasion

@: agile, lethally poisoned (0 -> -11), very slightly contaminated, hasted, very
quick, not resistant to hostile enchantments, stealthy
A: unfitting armour, see invisible, herbivore 3, speed 3, slow metabolism 2
a: no special abilities


You were on level 2 of the Dungeon.
You were not hungry.

You visited 1 branch of the dungeon, and saw 2 of its levels.

You collected 49 gold pieces.

Inventory:

Hand Weapons
 a - a +0 short sword (weapon)
Armour
 b - a +0 robe (worn)
Jewellery
 h - a +3 ring of evasion (left hand)
Wands
 c - a wand of flame (15/48)
 d - a wand of enslavement (15/24)
 e - a wand of random effects (14/48)
Scrolls
 g - a scroll of random uselessness {unknown}
 j - 2 scrolls of identify {unknown}
Comestibles
 f - 3 bread rations


   Skills:
 + Level 1.2 Fighting
 + Level 1.4 Short Blades
 + Level 4.2 Dodging
 + Level 2.4 Stealth
 + Level 4.7 Evocations


You had 2 spell levels left.
You didn't know any spells.

Dungeon Overview and Level Annotations

Branches:
Dungeon (2/15)

Altars:
Kikubaaqudgha


Innate Abilities, Weirdness & Mutations

You are tiny and cannot use many weapons and most armour.
You have supernaturally acute eyesight.
You are a herbivore.
You cover ground extremely quickly.
You need consume almost no food.


Message History

The bat misses you. The adder bites you.
* * * LOW HITPOINT WARNING * * *
You are more poisoned.
The adder poisons you! The bat completely misses you.
Drink which item? (? for menu, Esc to quit)
Okay, then.
Drink which item? (? for menu, Esc to quit)
It was a potion of haste.
You feel yourself speed up.
* * * LOW HITPOINT WARNING * * *
You feel sick. The bat closely misses you. The adder completely misses you.
The hobgoblin closely misses you.
You are very lightly contaminated with residual magic.
You aren't carrying any potions.
Zapping:
e - a wand of random effects (15/48)
Press: ? - help, Shift-Dir - straight line, f - you Really target yourself?
Uppercase [Y]es or [N]o only, please.
Really target yourself?
Nothing appears to happen.
This wand has 14 charges left.
You die...

..P#.......# ..# ####.## #.
...#########........# #..# #.
....................# ##.## #.
.†#+.#####.#........# #..# #.
..'..# ..........# ######.###.
..##########........+............
.................b..#########.##.
...########.....Sg..+............
................@...########.#.#.
##.#########.....?...... #.#...
#.# #.......#$.... ##'#... #.#
#.......# .... #...... #.#
#.......# ### #...... #.#
#.......# +...... #.# #...(...#
#.....> #†########.......#
#.....# #...................
#.....#


You could see an adder, a hobgoblin and a bat.

Vanquished Creatures
  2 adders (D:2)
  2 worms (D:2)
  A dart slug (D:1)
  A giant gecko (D:1)
  2 giant cockroaches (D:2)
  4 hobgoblins
  3 quokkas (D:2)
  2 bats
  2 giant newts
  3 goblins
  2 kobolds (D:1)
  5 rats
29 creatures vanquished.

Notes
Turn   | Place    | Note
--------------------------------------------------------------
     0 | D:1      | Hipnos the Spriggan Artificer began the quest for the Orb.
     0 | D:1      | Reached XP level 1. HP: 9/9 MP: 4/4
   141 | D:1      | Reached XP level 2. HP: 14/14 MP: 6/6
   664 | D:1      | Reached skill level 1 in Fighting
  1093 | D:2      | Reached XP level 3. HP: 17/18 MP: 7/7
  1588 | D:2      | Found an ancient bone altar of Kikubaaqudgha.
  1678 | D:2      | Succumbed to an adder's poison

Skill      XL: |  1  2  3 |
---------------+----------+-----
Fighting       | 1 |  1.2
Stealth        | 2 |  2.4
Dodging        | 4 |  4.2
Short Blades   | |  1.4
Evocations     | |  4.7

Action                   || total
-------------------------++-------
Melee: Short sword       ||   155
Evoke: Wand              ||     1
  Use: Potion            ||     2
 Stab: Sleeping          ||     6
Armor: Robe              ||     9
Dodge: Dodged            ||   153
